 Dungeon Crawl Stone Soup version 0.31-a0-588-g14bffd4ff3 (webtiles) character file.

Game seed: 5377489289560661057

269 Descartes the Shield-Bearer (level 6, -8/49 HPs)
             Began as a Formicid Fighter on Aug 19, 2023.
             Killed by divine providence
             ... invoked by an orc priest
              (9 damage)
             ... on level 4 of the Dungeon.
             The game lasted 00:03:20 (2227 turns).

Descartes the Shield-Bearer (Formicid Fighter)      Turns: 2227, Time: 00:03:20

Health: -8/49      AC: 10    Str: 23    XL:     6   Next: 46%
Magic:  6/6        EV:  8    Int:  7    God:
Gold:   148        SH:  0    Dex: 13    Spells: 5/5 levels left

rFire   . . .        a - +0 war axe
rCold   . . .        c - +0 buckler
rNeg    . . .        x - +0 chain mail
rPois   .            (helmet unavailable)
rElec   .            p - +0 cloak
rCorr   .            (no gloves)
SInv    +            (no boots)
Will    .....        (no amulet) Stlth
                     (no ring)
HPRegen 0.28/turn    (no ring)
MPRegen 0.10/turn

%: no passive effects
@: confused
A: permanent stasis, dig shafts and tunnels, antennae 3, four strong arms
a: Dig, Shaft Self


You were on level 4 of the Dungeon.
You visited 1 branch of the dungeon, and saw 4 of its levels.

You collected 148 gold pieces.

Inventory:

Hand Weapons
 a - a +0 war axe (weapon)
 w - a +0 flail of protection
Missiles
 k - 3 poisoned darts
 q - 2 atropa-tipped darts
Armour
 c - a +0 buckler (worn)
 p - a +0 cloak (worn)
 x - a +0 chain mail (worn)
Jewellery
 m - a ring of wizardry
Scrolls
 e - 6 scrolls of identify {unknown}
 g - a scroll of teleportation {unknown}
 h - a scroll of vulnerability {unknown}
 i - a scroll of brand weapon {unknown}
 j - 4 scrolls of summoning {unknown}
 l - 2 scrolls of poison {unknown}
 n - 2 scrolls of blinking {unknown}
 o - a scroll of fog {unknown}
 r - a scroll of enchant armour {unknown}
 s - a scroll of immolation {unknown}
Potions
 d - a potion of might
 f - 2 potions of heal wounds {unknown}
 t - 2 potions of brilliance {unknown}
 u - a potion of curing {unknown}
 v - a potion of attraction {unknown}


   Skills:
 + Level 4.6 Fighting
 + Level 3.6 Axes
 + Level 4.6 Armour
 + Level 5.6 Shields


You had 5 spell levels left.
You didn't know any spells.
Your spell library contained the following spells:

 Spells                   Type           Power      Damage    Failure   Level
 Ensorcelled Hibernation  Hex/Ice        0%         N/A       99%         2
 Passwall                 Tmut/Erth      0%         N/A       99%         2
 Stone Arrow              Conj/Erth      0%         3d7       100%        3
 Animate Armour           Summ/Erth      0%         N/A       100%        4
 Lehudib's Crystal Spear  Conj/Erth      0%         10d2      100%        8
 Swiftness                Air            Unusable   N/A       N/A         3

Dungeon Overview and Level Annotations

Branches:
Dungeon (4/15)
 Temple: D:4-7

Altars:


Innate Abilities, Weirdness & Mutations

You cannot be hasted, slowed, berserked, paralysed or teleported.
You can dig through walls and to a lower floor.
You have a pair of large antennae on your head. (SInv)
Your four strong arms can wield two-handed weapons with a shield.


Message History

The orc wizard moves out of view.
You hear a shout!
An orc priest and a goblin come into view.
The orc priest is wielding a +2 falchion of holy wrath.
The orc priest shouts!
The goblin shouts!
You hear a shout!
An orc priest and a dart slug come into view.
Found 14 gold pieces and a book of Dangerous Friends.
The orc priest shouts!
You hear an angry hiss.
An orc wizard comes into view. It is wielding a +0 dagger.
You hit the orc wizard.
The orc wizard is lightly wounded.
The orc wizard hits you but does no damage.
The orc warrior hits you with a +0 war axe!
The orc wizard closely misses you.
The orc wizard gestures wildly while chanting.
The orc wizard flickers and vanishes for a moment.
You hear an angry hiss.
You hear a shout!
The orc priest calls down the wrath of Beogh upon you.
Beogh smites you!
The orc priest attacks as you move away!
The orc priest hits you with a +2 falchion of holy wrath.
The orc wizard points at you and mumbles some strange words.
The puff of flame misses you.
The orc priest attacks as you move away!
The orc priest hits you with a +2 falchion of holy wrath.
The orc priest calls down the wrath of Beogh upon you.
Beogh smites you!
* * * LOW HITPOINT WARNING * * *
The orc wizard points at you and mumbles some strange words.
You are confused.
You bump into the rock wall.
The orc wizard casts a spell.
The orc wizard flickers and vanishes for a moment.
The orc warrior hits you with a +0 war axe!
* * * LOW HITPOINT WARNING * * *
You bump into the rock wall.
The orc priest invokes the aid of Beogh against you.
Beogh smites you!
You die...

......###....##..#≈≈≈ ...
#.........†...#~# .....
###..............##
......#..>...............
...................#.<...
.....###.................
......................... .
.####..........##......# ...
##ro@................
..$..###goo##...............
#....ow...###....#..........
........o.# ....#...#......
....###.### .#......#......
##., #.: .... {{ #.. . {{{
#..# { #..#


You could see an orc warrior, 2 orc priests, 2 orc wizards, a dart slug, a
quokka and a goblin.

Vanquished Creatures
  An ogre (D:3)
  A sleepcap (D:4)
  Robin (D:2)
  7 adders
  A worm (D:4)
  3 dart slugs
  An orc (D:3)
  5 ball pythons
  3 endoplasms
  2 giant cockroaches
  12 goblins
  10 hobgoblins
  6 jackals
  3 quokkas
  5 bats
  5 frilled lizards
  5 kobolds (D:1)
  6 rats
77 creatures vanquished.

Notes
Turn   | Place    | Note
-------+----------+-------------------------------------------
     0 | D:1      | Descartes the Formicid Fighter began the quest for the Orb.
     0 | D:1      | Reached XP level 1. HP: 18/18 MP: 1/1
    55 | D:1      | Reached XP level 2. HP: 21/24 MP: 2/2
   282 | D:1      | Reached XP level 3. HP: 29/29 MP: 3/3
   747 | D:2      | Found a faded altar of an unknown god.
   863 | D:2      | Noticed Robin
   876 | D:2      | Reached XP level 4. HP: 21/37 MP: 4/4
  1076 | D:2      | Killed Robin
  1483 | D:3      | Reached XP level 5. HP: 42/42 MP: 5/5
  1572 | D:3      | Reached skill level 5 in Shields
  1646 | D:3      | Noticed an ogre
  1656 | D:3      | Killed an ogre
  1657 | D:3      | Reached XP level 6. HP: 14/49 MP: 6/6
  2218 | D:4      | Noticed an orc warrior
  2226 | D:4      | HP: 1/49 [orc warrior/+0 war axe (11)]
  2227 | D:4      | Killed from afar by an orc priest

Illustrated notes

Levels and vault maps discovered:
D:1:      dpeg_arrival_round_b, layout_loops_cross
D:2:      layout_rooms, chequers_ecumenical_altar_island,
          chequers_serial_rivers_small_3, uniq_robin
D:3:      layout_rooms, minmay_fountain_box, minmay_distorted
D:4:      layout_cave_pools, gammafunk_temple_overflow_claw, serial_shops,
          nicolae_diamond_shop, minivault_4

Skill      XL: |  1  2  3  4  5 |
---------------+----------------+-----
Fighting       | 4 |  4.6
Armour         | 4 |  4.6
Axes           | 3 |  3.6
Shields        | 5 |  5.6

Action                     |  1- 3 |  4- 6 || total
---------------------------+-------+-------++-------
  Melee: War axe           |    81 |   150 ||   231
 Armour: Scale mail        |    44 |    56 ||   100
         Chain mail        |       |    23 ||    23
  Dodge: Dodged            |    44 |    81 ||   125
  Block: Buckler           |    27 |    42 ||    69

Table legend: (Time is in decaauts)
 A = Elapsed time spent in this place.
 B = Non-inter-level travel time spent in this place.
 C = Inter-level travel time spent in this place.
 D = Time resting spent in this place.
 E = Time spent auto-exploring this place.
 F = Levels seen in this place.
 G = Mean time per level.
                   A        B        C        D        E       F      G
               +--------+--------+--------+--------+--------+-----+--------+
         Total |   2322 |   2258 |     64 |      0 |   1675 |   4 |  580.5 |
       Dungeon |   2322 |   2258 |     64 |      0 |   1675 |   4 |  580.5 |
               +--------+--------+--------+--------+--------+-----+--------+

Top non-repeatable levels by time:
     D:3: 803 daAuts
     D:1: 728 daAuts
     D:2: 643 daAuts
     D:4: 146 daAuts
